 Dungeon Crawl Stone Soup version 0.31-a0-271-gb88eb75e06 (webtiles) character file.

Game seed: 10098663226709756292

114 vineage the Poker (level 4, -2/37 HPs)
             Began as a Merfolk Gladiator on July 14, 2023.
             Slain by a wraith (8 damage)
             ... in an ossuary.
             The game lasted 00:02:35 (2062 turns).

vineage the Poker (Merfolk Gladiator)               Turns: 2062, Time: 00:02:35

Health: -2/37      AC:  9    Str: 16    XL:     4   Next: 97%
Magic:  4/4        EV: 11    Int:  7    God:
Gold:   127        SH:  0    Dex: 15    Spells: 3/3 levels left

rFire   + . .        a - +0 trident (venom)
rCold   . . .        (no shield)
rNeg    . . .        q - +0 scale mail
rPois   .            h - +0 hat of Salvation {rF+}
rElec   .            (no cloak)
rCorr   .            (no gloves)
SInv    .            n - +2 pair of boots
Will    .....        i - amulet of the acrobat Stlth
                     (no ring)
HPRegen 0.26/turn    (no ring)
MPRegen 0.09/turn

%: acrobat
@: slowed, very slow
A: (nimble swimmer 2), mertail
a: no special abilities


You were in an ossuary.
You visited 1 branch of the dungeon, and saw 4 of its levels.
You also visited: Ossuary.

You collected 127 gold pieces.

Inventory:

Hand Weapons
 a - a +0 trident of venom (weapon)
Missiles
 d - 3 throwing nets (quivered)
 e - a javelin
Armour
 c - a +0 helmet
 h - the +0 hat of Salvation (worn) {rF+}
   (You found it on level 3 of the Dungeon)

   rF:        It protects you from fire.
 n - a +2 pair of boots (worn)
 q - a +0 scale mail (worn)
Jewellery
 i - an amulet of the acrobat (around neck)
Wands
 s - a wand of flame (9)
Scrolls
 f - a scroll of vulnerability
 o - a scroll of teleportation {unknown}
 r - a scroll of enchant armour {unknown}
 t - a scroll of poison {unknown}
 v - a scroll of amnesia {unknown}
 x - 3 scrolls of fog {unknown}
 y - a scroll of silence
 A - a scroll of revelation
Potions
 b - a potion of resistance {unknown}
 g - 2 potions of attraction
 k - 3 potions of magic
 l - 3 potions of enlightenment
 m - 2 potions of might {unknown}
 u - a potion of degeneration {unknown}
 w - 2 potions of heal wounds {unknown}
 z - a potion of lignification {unknown}


   Skills:
 * Level 4.2 Fighting
 + Level 5.0 Polearms
 - Level 2.0 Throwing
 + Level 4.9 Dodging


You had 3 spell levels left.
You didn't know any spells.
Your spell library contained the following spells:

 Spells                   Type           Power      Damage    Failure   Level
 Magic Dart               Conj           0%         1d3       87%         1
 Call Imp                 Summ           0%         N/A       95%         2
 Mephitic Cloud           Conj/Pois/Air  0%         N/A       99%         3
 Portal Projectile        Hex/Tloc       0%         N/A       99%         3
 Tukima's Dance           Hex            0%         N/A       99%         3
 Iskenderun's Mystic Bla  Conj/Tloc      0%         2d3       100%        4
 Alistair's Intoxication  Tmut/Pois      0%         N/A       100%        5
 Borgnjor's Vile Clutch   Necr/Erth      0%         N/A       100%        5
 Eringya's Noxious Bog    Tmut/Pois      0%         4d6       100%        6


Dungeon Overview and Level Annotations

Branches:
Dungeon (4/15)            Ossuary (1/1)
 Temple: D:4-7

Altars:
Kikubaaqudgha
Qazlal
Zin


Innate Abilities, Weirdness & Mutations

((You are very nimble when in or above water. (Stealth+, EV+, Speed+++)))
Your lower body shifts to a powerful aquatic tail in water.


Message History

You feel as though you will be slow longer.
You closely miss the wraith. You punch the wraith, but do no damage.
The wraith is moderately damaged.
The wraith barely misses you. The wraith hits you but does no damage.
You closely miss the wraith.
The wraith is moderately damaged.
The wraith hits you but does no damage. x2
You puncture the wraith!
The wraith is heavily damaged.
The wraith hits you but does no damage.
You hit the wraith.
The wraith is severely damaged.
The wraith closely misses you. The wraith barely misses you.
You hit the wraith.
The wraith is severely damaged.
The wraith closely misses you.
You hit the wraith.
The wraith is severely damaged.
The wraith hits you but does no damage. The wraith hits you.
The wraith drains your vigour!
You feel as though you will be slow longer.
You barely miss the wraith.
The wraith is severely damaged.
The wraith completely misses you. The wraith closely misses you.
You hit the wraith but do no damage.
The wraith is severely damaged.
The wraith barely misses you.
You hit the wraith.
The wraith is almost destroyed.
The wraith hits you. The wraith barely misses you.
You hit the wraith but do no damage.
The wraith is almost destroyed.
The wraith hits you.
* * * LOW HITPOINT WARNING * * *
You hit the wraith but do no damage.
The wraith is almost destroyed.
The wraith hits you.
* * * LOW HITPOINT WARNING * * *
The wraith hits you!
You die...

###########################
..........................#
..........................#
###..###..###..###..####..#
.'...#.#..#.#..#!#...'.#..#
###..#'#..#'#..#W#..####..#
.....#.#..#.#..#@#........#
..........................#
###.......###.......####..#
.'....8...#.#...8....+ #..#
###.......#'#.......####..#
..........#.#.............#
..........................#
###..####.....####..####..#
.'...#.'...8...'.#...+ .#


You could see a wraith.

Vanquished Creatures
  2 mummies (Ossuary)
  2 adders
  2 dart slugs
  An orc (D:4)
  3 bats
  9 endoplasms
  A giant cockroach (D:1)
  7 goblins
  5 hobgoblins
  5 quokkas
  5 ball pythons
  3 frilled lizards
  2 goblin zombies (Ossuary)
  3 hobgoblin zombies (Ossuary)
  6 kobolds
  2 kobold zombies (Ossuary)
  7 rats
65 creatures vanquished.

Notes
Turn   | Place    | Note
-------+----------+-------------------------------------------
     0 | D:1      | vineage the Merfolk Gladiator began the quest for the Orb.
     0 | D:1      | Reached XP level 1. HP: 16/16 MP: 1/1
    62 | D:1      | Reached XP level 2. HP: 23/23 MP: 2/2
   367 | D:1      | Reached XP level 3. HP: 29/29 MP: 3/3
   944 | D:2      | Found a faded altar of an unknown god.
  1145 | D:2      | You fall into a shaft and drop 2 floors!
  1233 | D:3      | Found a glowing silver altar of Zin.
  1239 | D:3      | Reached XP level 4. HP: 36/36 MP: 4/4
  1440 | D:3      | Found a stormy altar of Qazlal.
  1508 | D:3      | Found an ancient bone altar of Kikubaaqudgha.
  1525 | D:3      | Identified the +0 hat of Salvation {rF+}
  1540 | D:3      | Identified the +3 robe of Fortification {rF+ Will++}
  1737 | D:4      | Found a sand-covered staircase.
  1742 | Ossuary  | Entered an ossuary
  1742 | Ossuary  | Noticed a wraith
  1742 | Ossuary  | Noticed a wraith
  1742 | Ossuary  | Noticed a wraith
  1976 | Ossuary  | Reached skill level 5 in Polearms
  2038 | Ossuary  | Noticed a wraith
  2062 | Ossuary  | Slain by a wraith

Illustrated notes

Levels and vault maps discovered:
D:1:      psy_arrival_conway, layout_basic
D:2:      layout_basic, basic_altar, ebering_ecumenical_altar_abandoned,
          kennysheep_generic_room_4
D:3:      layout_rooms, mainiacjoe_overflow_cross_hatched,
          mainiacjoe_overflow_catwalk_spiral
D:4:      layout_basic, mainiacjoe_overflow_paths, enter_ossuary_2
Ossuary:  ossuary_kennysheep_city_of_the_dead

Skill      XL: |  1  2  3  4 |
---------------+-------------+-----
Fighting       | 3 4 |  4.2
Polearms       | 5 |  5.0
Throwing       | |  2.0
Dodging        | |  4.9

Action                     |  1- 3 |  4- 6 || total
---------------------------+-------+-------++-------
  Melee: Trident           |   102 |    90 ||   192
         Punch             |       |     1 ||     1
    Use: Scroll            |     4 |     4 ||     8
         Potion            |       |     1 ||     1
   Stab: Distracted        |     1 |       ||     1
         Sleeping          |     1 |     1 ||     2
 Armour: Leather armour    |    11 |     7 ||    18
         Scale mail        |       |    17 ||    17
  Dodge: Dodged            |    55 |    39 ||    94

Table legend: (Time is in decaauts)
 A = Elapsed time spent in this place.
 B = Non-inter-level travel time spent in this place.
 C = Inter-level travel time spent in this place.
 D = Time resting spent in this place.
 E = Time spent auto-exploring this place.
 F = Levels seen in this place.
 G = Mean time per level.
                   A        B        C        D        E       F      G
               +--------+--------+--------+--------+--------+-----+--------+
         Total |   2078 |   2011 |     67 |      0 |   1561 |   5 |  415.6 |
       Dungeon |   1744 |   1677 |     67 |      0 |   1325 |   4 |  436.0 |
       Ossuary |    333 |    333 |      0 |      0 |    236 |   1 |  333.0 |
               +--------+--------+--------+--------+--------+-----+--------+

Top non-repeatable levels by time:
     D:1: 838 daAuts
     D:3: 516 daAuts
 Ossuary: 333 daAuts
     D:2: 310 daAuts
     D:4: 78 daAuts
